PCL
REDWOOD CITY REDWOODS @ HOUSTON HAMMERTIME
04/28/2027
 
TOP OF THE 1ST
Redwood City Redwoods batting - Pitching for Houston Hammertime : RHP Cristóbal Gómez
Pitching: RHP Cristóbal Gómez
Batting: LHB Jon Graves 0-0: Ball
1-0: Ball
2-0: Swinging Strike
2-1: Swinging Strike
2-2: Strikes out swinging
Batting: RHB Jesús Maestas 0-0: Ball
1-0: Called Strike
1-1: Swinging Strike
1-2: Foul Ball, location: 2F
1-2: Fly out, F7 (Flyball, 7)
Batting: RHB Steve Sampson 0-0: Called Strike
0-1: Foul Ball, location: 2F
0-2: Ball
1-2: Foul Ball, location: 2F
1-2: DOUBLE (Line Drive, 7D) - OUT at third base trying to stretch hit.
Top of the 1st over - 0 run(s), 1 hit(s), 0 error(s), 0 left on base; Redwood City 0 - Houston 0
BOTTOM OF THE 1ST
Houston Hammertime batting - Pitching for Redwood City Redwoods : RHP Manabu Mizuno
Pitching: RHP Manabu Mizuno
Batting: LHB Bartolo Villanueva 0-0: Ball
1-0: Ground out 4-3 (Groundball, 4)
Batting: RHB Domingo Matos 0-0: Fly out, F5 (Popup, 5S)
Batting: RHB Pedro Meza 0-0: Ball
1-0: Foul Ball, location: 2F
1-1: Foul Ball, location: 2F
1-2: Ball
2-2: Strikes out looking
Bottom of the 1st over - 0 run(s), 0 hit(s), 0 error(s), 0 left on base; Redwood City 0 - Houston 0
TOP OF THE 2ND
Redwood City Redwoods batting - Pitching for Houston Hammertime : RHP Cristóbal Gómez
Batting: LHB Arthur Hall 0-0: Ground out 4-3 (Groundball, 4)
Batting: RHB Richie Miller 0-0: Ball
1-0: Ball
2-0: Fly out, F8 (Flyball, 8LXD)
Batting: RHB Carlos Gonzáles 0-0: Ball
1-0: Called Strike
1-1: Ball
2-1: Foul Ball, location: 2F
2-2: Foul Ball, location: 2F
2-2: Foul Ball, location: 2F
2-2: Strikes out swinging
Top of the 2nd over - 0 run(s), 0 hit(s), 0 error(s), 0 left on base; Redwood City 0 - Houston 0
BOTTOM OF THE 2ND
Houston Hammertime batting - Pitching for Redwood City Redwoods : RHP Manabu Mizuno
Batting: LHB Juan Cabañas 0-0: Called Strike
0-1: Swinging Strike
0-2: Strikes out swinging
Batting: LHB Bill Murphy 0-0: Fly out, F7 (Flyball, 78M)
Batting: SHB Richard Bowman 0-0: Ground out 4-3 (Groundball, 4S)
Bottom of the 2nd over - 0 run(s), 0 hit(s), 0 error(s), 0 left on base; Redwood City 0 - Houston 0
TOP OF THE 3RD
Redwood City Redwoods batting - Pitching for Houston Hammertime : RHP Cristóbal Gómez
Batting: LHB Héctor Flores 0-0: Called Strike
0-1: Fly out, F4 (Flyball, 34D)
Batting: RHB Fu Tse 0-0: Ball
1-0: SINGLE (Line Drive, 4D)
Batting: RHB Jesús Cuevas 0-0: Ball
1-0: Ball
2-0: Called Strike
2-1: Fielders Choice at 2nd, 5-4 (Groundball, 5)
Batting: LHB Jon Graves 0-0: Swinging Strike
0-1: Foul Ball, location: 2F
0-2: Ball
Jesús Cuevas is caught stealing 2nd base
Top of the 3rd over - 0 run(s), 1 hit(s), 0 error(s), 0 left on base; Redwood City 0 - Houston 0
BOTTOM OF THE 3RD
Houston Hammertime batting - Pitching for Redwood City Redwoods : RHP Manabu Mizuno
Batting: LHB Pat Jones 0-0: Ball
1-0: Called Strike
1-1: Ball
2-1: Called Strike
2-2: Strikes out swinging
Batting: LHB Enrique Valentín 0-0: Foul Ball, location: 2F
0-1: Called Strike
0-2: SINGLE (Flyball, 9S)
Batting: RHB Ánibal Pérez 0-0: Ball
1-0: Called Strike
1-1: Called Strike
1-2: Foul Ball, location: 2F
1-2: Fly out, F7 (Flyball, 7LSF)
Batting: LHB Bartolo Villanueva 0-0: Fielders Choice at 2nd, 4-6 (Groundball, 4)
Bottom of the 3rd over - 0 run(s), 1 hit(s), 0 error(s), 0 left on base; Redwood City 0 - Houston 0
TOP OF THE 4TH
Redwood City Redwoods batting - Pitching for Houston Hammertime : RHP Cristóbal Gómez
Batting: LHB Jon Graves 0-0: Called Strike
0-1: Ball
1-1: Ball
2-1: Ball
3-1: Ground out 6-3 (Groundball, 6)
Batting: RHB Jesús Maestas 0-0: Ball
1-0: Ball
2-0: Called Strike
2-1: Swinging Strike
2-2: Strikes out swinging
Batting: RHB Steve Sampson 0-0: Swinging Strike
0-1: DOUBLE (Line Drive, 9LD)
Batting: LHB Arthur Hall 0-0: DOUBLE (Line Drive, 8LXD)
Steve Sampson scores
Batting: RHB Richie Miller 0-0: Ball
1-0: Ground out 4-3 (Groundball, 4)
Top of the 4th over - 1 run(s), 2 hit(s), 0 error(s), 1 left on base; Redwood City 1 - Houston 0
BOTTOM OF THE 4TH
Houston Hammertime batting - Pitching for Redwood City Redwoods : RHP Manabu Mizuno
Batting: RHB Domingo Matos 0-0: Ball
1-0: Ball
2-0: Ball
3-0: Base on Balls
Batting: RHB Pedro Meza 0-0: Ground out 4-3 (Groundball, 4MD)
Domingo Matos to second
Batting: LHB Juan Cabañas 0-0: Ball
Domingo Matos steals 3rd base
1-0: Ball
2-0: Ball
3-0: Called Strike
3-1: Foul Ball, location: 2F
3-2: Strikes out looking
Batting: LHB Bill Murphy 0-0: Ground out 1-3 (Groundball, 13S)
Bottom of the 4th over - 0 run(s), 0 hit(s), 0 error(s), 1 left on base; Redwood City 1 - Houston 0
TOP OF THE 5TH
Redwood City Redwoods batting - Pitching for Houston Hammertime : RHP Cristóbal Gómez
Batting: RHB Carlos Gonzáles 0-0: Swinging Strike
0-1: Called Strike
0-2: Ball
1-2: SINGLE (Groundball, 6MD)
Batting: LHB Héctor Flores 0-0: Called Strike
0-1: Fly out, F8 (Flyball, 78S)
Batting: RHB Fu Tse 0-0: Called Strike
0-1: Ball
1-1: Ball
2-1: SINGLE (Groundball, 6D)
Carlos Gonzáles to second
Batting: RHB Jesús Cuevas 0-0: Ball
1-0: Called Strike
1-1: Foul Ball, location: 2F
1-2: Ball
2-2: DOUBLE (Line Drive, 7LM)
Carlos Gonzáles scores
Fu Tse to third
Batting: LHB Jon Graves 0-0: Ball
1-0: Called Strike
1-1: Foul Ball, location: 2F
1-2: Ball
2-2: Strikes out looking
Batting: RHB Jesús Maestas 0-0: Ground out 6-3 (Groundball, 6)
Top of the 5th over - 1 run(s), 3 hit(s), 0 error(s), 2 left on base; Redwood City 2 - Houston 0
BOTTOM OF THE 5TH
Houston Hammertime batting - Pitching for Redwood City Redwoods : RHP Manabu Mizuno
Batting: SHB Richard Bowman 0-0: Ball
1-0: Fly out, F3 (Line Drive, 3S)
Batting: LHB Pat Jones 0-0: SINGLE (Groundball, 4MD)
Batting: LHB Enrique Valentín 0-0: Called Strike
0-1: Foul Ball, location: 2F
0-2: Ball
1-2: Ball
2-2: SINGLE (Line Drive, 89M)
Pat Jones to second
Batting: RHB Ánibal Pérez 0-0: DOUBLE (Line Drive, 7LM)
Pat Jones scores
Enrique Valentín to third
Batting: LHB Bartolo Villanueva 0-0: Called Strike
0-1: Foul Ball, location: 2F
0-2: Ball
1-2: Foul Ball, location: 2F
1-2: Ball
2-2: Fly out, F4 (Line Drive, 4M)
Batting: RHB Domingo Matos 0-0: Ball
1-0: Ball
2-0: Fly out, F7 (Flyball, 7S)
Bottom of the 5th over - 1 run(s), 3 hit(s), 0 error(s), 2 left on base; Redwood City 2 - Houston 1
TOP OF THE 6TH
Redwood City Redwoods batting - Pitching for Houston Hammertime : RHP Cristóbal Gómez
Batting: RHB Steve Sampson 0-0: Foul Ball, location: 2F
0-1: Ball
1-1: Ball
2-1: Foul Ball, location: 2F
2-2: DOUBLE (Line Drive, 9LS)
Batting: LHB Arthur Hall 0-0: Intentional Walk
Batting: RHB Richie Miller 0-0: Grounds into double play, 6-4-3 (Groundball, 6)
Steve Sampson to third
Batting: RHB Carlos Gonzáles 0-0: Called Strike
0-1: Ground out 3-1 (Groundball, 34)
Top of the 6th over - 0 run(s), 1 hit(s), 0 error(s), 1 left on base; Redwood City 2 - Houston 1
BOTTOM OF THE 6TH
Houston Hammertime batting - Pitching for Redwood City Redwoods : RHP Manabu Mizuno
Batting: RHB Pedro Meza 0-0: Called Strike
0-1: Ball
1-1: Ball
2-1: Ball
3-1: Ground out 6-3 (Groundball, 56)
Batting: LHB Juan Cabañas 0-0: Foul Ball, location: 2F
0-1: Ball
1-1: Ball
2-1: Ball
3-1: Called Strike
3-2: SINGLE (Groundball, 4D)
Batting: LHB Bill Murphy 0-0: Called Strike
0-1: Called Strike
0-2: Ball
1-2: Strikes out looking
Batting: SHB Richard Bowman 0-0: Ball
Juan Cabañas steals 2nd base
1-0: Ball
2-0: Ball
3-0: Called Strike
3-1: Swinging Strike
3-2: Foul Ball, location: 2F
3-2: Strikes out swinging
Bottom of the 6th over - 0 run(s), 1 hit(s), 0 error(s), 1 left on base; Redwood City 2 - Houston 1
TOP OF THE 7TH
Redwood City Redwoods batting - Pitching for Houston Hammertime : RHP Cristóbal Gómez
Batting: LHB Héctor Flores 0-0: Ball
1-0: Foul Ball, location: 2F
1-1: Called Strike
1-2: Strikes out swinging
Batting: RHB Fu Tse 0-0: Ground out 6-3 (Groundball, 6)
Batting: RHB Jesús Cuevas 0-0: Fly out, F4 (Popup, 4D)
Top of the 7th over - 0 run(s), 0 hit(s), 0 error(s), 0 left on base; Redwood City 2 - Houston 1
BOTTOM OF THE 7TH
Houston Hammertime batting - Pitching for Redwood City Redwoods : RHP Manabu Mizuno
Batting: LHB Pat Jones 0-0: Ball
1-0: Foul Ball, location: 2F
1-1: Called Strike
1-2: SINGLE (Groundball, 6D)
Batting: LHB Enrique Valentín 0-0: Bunted foul
0-1: Bunted foul
0-2: Ball
1-2: Reached on error, E4 (Groundball, 34)
Pat Jones to second
Batting: RHB Ánibal Pérez 0-0: Ball
1-0: Called Strike
1-1: SINGLE (Line Drive, 8RS)
Pat Jones to third
Enrique Valentín to second
Runner from 3rd tries for Home, SAFE, throw made home
Batting: LHB Bartolo Villanueva 0-0: Called Strike
0-1: Sac Bunt - play at first, batter OUT! 1-4
Enrique Valentín to third
Ánibal Pérez to second
Pinch Hitting: LHB Fernando Camacho 0-0: Intentional Walk
Batting: RHB Pedro Meza 0-0: Foul Ball, location: 2F
0-1: Called Strike
0-2: Ball
1-2: Grounds into fielders choice 6-2 (Groundball, 6)
Ánibal Pérez to third
Fernando Camacho to second
Pitching: RHP Ron Williams
Batting: LHB Juan Cabañas 0-0: Foul Ball, location: 2F
0-1: Ball
1-1: Called Strike
1-2: Foul Ball, location: 2F
1-2: Ball
2-2: Fly out, F8 (Flyball, 8RXD)
Bottom of the 7th over - 1 run(s), 2 hit(s), 1 error(s), 3 left on base; Redwood City 2 - Houston 2
TOP OF THE 8TH
Redwood City Redwoods batting - Pitching for Houston Hammertime : RHP Cristóbal Gómez
Now at 2B: José García
Pinch Hitting: LHB Jeff Tucker 0-0: Foul Ball, location: 2F
0-1: Swinging Strike
0-2: Foul Ball, location: 2F
0-2: Ground out U3 (Groundball, 34)
Batting: RHB Jesús Maestas 0-0: Ball
1-0: Ball
2-0: Called Strike
2-1: Called Strike
2-2: Foul Ball, location: 2F
2-2: Strikes out swinging
Batting: RHB Steve Sampson 0-0: Ball
1-0: Ball
2-0: Called Strike
2-1: Fly out, F8 (Line Drive, 8RD)
Top of the 8th over - 0 run(s), 0 hit(s), 0 error(s), 0 left on base; Redwood City 2 - Houston 2
BOTTOM OF THE 8TH
Houston Hammertime batting - Pitching for Redwood City Redwoods : RHP Ron Williams
Now in RF: Jeff Tucker
Batting: LHB Bill Murphy 0-0: Called Strike
0-1: Swinging Strike
0-2: Strikes out swinging
Batting: SHB Richard Bowman 0-0: Foul Ball, location: 2F
0-1: Ball
1-1: Ball
2-1: Ball
3-1: Ground out 3-1 (Groundball, 34)
Batting: LHB Pat Jones 0-0: Ball
1-0: Ball
2-0: Foul Ball, location: 2F
2-1: Foul Ball, location: 2F
2-2: Foul Ball, location: 2F
2-2: Ground out 1-3 (Groundball, 15S)
Bottom of the 8th over - 0 run(s), 0 hit(s), 0 error(s), 0 left on base; Redwood City 2 - Houston 2
TOP OF THE 9TH
Redwood City Redwoods batting - Pitching for Houston Hammertime : RHP Cristóbal Gómez
Pitching: LHP Júlio Aguilar
Batting: LHB Arthur Hall 0-0: Ball
1-0: Ball
2-0: Ball
3-0: Base on Balls
Batting: RHB Richie Miller 0-0: Ball
1-0: Foul Ball, location: 2F
1-1: Ball
2-1: Swinging Strike
2-2: Strikes out swinging
Batting: RHB Carlos Gonzáles 0-0: Ball
1-0: Ball
2-0: Fly out, F8 (Flyball, 8RD)
Runner from 1st tags up, SAFE at 2nd
Pinch Hitting: RHB Philip Burke 0-0: Called Strike
0-1: Ground out 6-3 (Groundball, 6)
Top of the 9th over - 0 run(s), 0 hit(s), 0 error(s), 1 left on base; Redwood City 2 - Houston 2
BOTTOM OF THE 9TH
Houston Hammertime batting - Pitching for Redwood City Redwoods : RHP Ron Williams
Pitching: RHP Eduardo Ramos
Now in LF: Bob Campbell
Batting: LHB Enrique Valentín 0-0: Ball
1-0: Swinging Strike
1-1: Swinging Strike
1-2: Ball
2-2: Strikes out swinging
Pinch Hitting: LHB José Villegas 0-0: Ball
1-0: Ground out 4-3 (Groundball, 4)
Batting: LHB Bartolo Villanueva 0-0: Swinging Strike
0-1: Swinging Strike
0-2: Strikes out swinging
Bottom of the 9th over - 0 run(s), 0 hit(s), 0 error(s), 0 left on base; Redwood City 2 - Houston 2
TOP OF THE 10TH
Redwood City Redwoods batting - Pitching for Houston Hammertime : LHP Júlio Aguilar
Now at C: Alberto Chávez
Batting: RHB Fu Tse 0-0: Ball
1-0: SINGLE (Line Drive, 7LS)
Batting: RHB Jesús Cuevas 0-0: Sac Bunt - play at first, batter OUT! 1-4
Fu Tse to second
Batting: LHB Jeff Tucker 0-0: Called Strike
0-1: Ball
1-1: Foul Ball, location: 2F
1-2: Strikes out looking
Batting: RHB Jesús Maestas 0-0: Called Strike
0-1: Swinging Strike
0-2: Ball
1-2: Foul Ball, location: 2F
1-2: Fly out, F8 (Flyball, 8LXD)
Top of the 10th over - 0 run(s), 1 hit(s), 0 error(s), 1 left on base; Redwood City 2 - Houston 2
BOTTOM OF THE 10TH
Houston Hammertime batting - Pitching for Redwood City Redwoods : RHP Eduardo Ramos
Batting: RHB José García 0-0: Swinging Strike
0-1: Ball
1-1: Ball
2-1: Foul Ball, location: 2F
2-2: SINGLE (Line Drive, 6MD)
Batting: RHB Pedro Meza 0-0: Swinging Strike
0-1: Called Strike
0-2: Ball
1-2: Foul Ball, location: 2F
1-2: Ball
2-2: Ball
3-2: Foul Ball, location: 2F
3-2: Base on Balls
José García to second
Batting: LHB Juan Cabañas 0-0: Ball
1-0: Ball
2-0: Ball
3-0: Base on Balls
José García to third
Pedro Meza to second
Batting: LHB Bill Murphy 0-0: Called Strike
0-1: Ball
1-1: Foul Ball, location: 2F
1-2: SINGLE (Line Drive, 6MD)
José García scores
Thursday, March 30th, 2017 - OOTP Baseball 17.12 Build 75